 Dungeon Crawl Stone Soup version 0.29.1-12-g30fa7ad0bf (webtiles) character file.

Game seed: 13869851832308718859

408 ThatPearl the Conjurer (level 6, 0/52 HPs)
             Began as a Draconian Conjurer on Jan 4, 2023.
             Slain by Duvessa
             ... wielding a +2 rapier of electrocution
              (18 damage)
             ... on level 4 of the Dungeon.
             The game lasted 00:12:14 (3890 turns).

ThatPearl the Conjurer (Draconian Conjurer)         Turns: 3890, Time: 00:12:15

Health: 0/52       AC:  6    Str:  9    XL:     6   Next: 57%
Magic:  11/11      EV: 12    Int: 20    God:
Gold:   272        SH:  0    Dex: 10    Spells: 4/12 levels left

rFire   . . .      SeeInvis .   e - staff of conjuration
rCold   . . .      Faith    .   (no shield)
rNeg    + . .      Spirit   .   (body armour unavailable)
rPois   .          Reflect  .   (helmet restricted)
rElec   .          Harm     .   (no cloak)
rCorr   .          Rampage  .   (no gloves)
Will    .....                   (no boots)
Stlth   ++........              (no amulet)
HPRegen 0.17/turn               k - ring of positive energy
MPRegen 0.12/turn               (no ring)

@: no status effects
A: AC +6, unfitting armour, cold-blooded
a: no special abilities


You were on level 4 of the Dungeon.
You visited 1 branch of the dungeon, and saw 4 of its levels.

You collected 272 gold pieces.

Inventory:

Hand Weapons
 d - a +0 dagger
 g - a +0 sling
 r - a +1 short sword of speed
Missiles
 f - 38 stones
Magical Staves
 e - a staff of conjuration (weapon)
Jewellery
 k - a ring of positive energy (left hand)
 o - a ring of fire
Wands
 u - a wand of polymorph (5)
Scrolls
 b - 3 scrolls of fear {unknown}
 c - a scroll of summoning {unknown}
 l - a scroll of brand weapon {unknown}
 m - a scroll of identify {unknown}
 p - a scroll of enchant armour {unknown}
 s - a scroll of immolation {unknown}
 t - a scroll of blinking {unknown}
 v - a scroll of enchant weapon {unknown}
Potions
 a - a potion of magic
 h - 2 potions of lignification {unknown}
 i - a potion of berserk rage {unknown}
 j - 2 potions of heal wounds {unknown}
 n - a potion of resistance {unknown}
 q - a potion of attraction {unknown}


   Skills:
 + Level 3.8 Fighting
 - Level 1.7 Dodging
 - Level 1.7 Stealth
 + Level 3.9 Spellcasting
 + Level 5.4 Conjurations
 + Level 1.7 Hexes


You had 4 spell levels left.
You knew the following spells:

 Your Spells              Type           Power      Damage    Failure   Level
a - Magic Dart            Conj           100%       1d8       1%          1
b - Slow                  Hex            44%        N/A       6%          1
f - Fulminant Prism       Conj/Hex       13%        3d9       28%         4
s - Searing Ray           Conj           76%        2d7       2%          2

Your spell library contained the following spells:

 Spells                   Type           Power      Damage    Failure   Level
 Dazzling Flash           Conj/Hex       54%        N/A       9%          3
 Confusing Touch          Hex            11%        N/A       19%         3
 Vampiric Draining        Necr           3%         2d6       36%         3
 Iskenderun's Mystic Bla  Conj/Tloc      22%        2d6       38%         4


Dungeon Overview and Level Annotations

Branches:
Dungeon (4/15)
 Temple: D:4-7

Altars:
Qazlal
Trog
Zin

Shops:
D:2 (

Annotations:
D:4 Duvessa


Innate Abilities, Weirdness & Mutations

Your plain brown scales are hard. (AC +6)
You cannot fit into any form of body armour.
You are cold-blooded and may be slowed by cold attacks.


Message History

Duvessa hits you with a +2 rapier of electrocution!
Casting: Searing Ray (safe; 2% risk of failure)
Confirm with . or Enter, or press ? or * to list all spells.
Okay, then.
Aiming: Magic Dart (safe; 1% risk of failure)
Press: ? - help, Q - select action, (/) - cycle Shift-Dir - straight line, f/p - Duvessa
Aim: Duvessa, wielding a +2 rapier of electrocution and wearing a +0 leather armour (heavily wounded, berserk, 100% to hit)
Okay, then.
Aiming: Magic Dart (safe; 1% risk of failure)
Press: ? - help, Q - select action, (/) - cycle Shift-Dir - straight line, f/p - Duvessa
Aim: Duvessa, wielding a +2 rapier of electrocution and wearing a +0 leather armour (heavily wounded, berserk, 100% to hit)
You feel a surge of power!
The magic dart hits Duvessa.
Duvessa is heavily wounded.
Duvessa closely misses you. Duvessa barely misses you.
Aiming: Magic Dart (safe; 1% risk of failure)
Press: ? - help, Q - select action, (/) - cycle Shift-Dir - straight line, f/p - Duvessa
Aim: Duvessa, wielding a +2 rapier of electrocution and wearing a +0 leather armour (heavily wounded, berserk, 100% to hit)
You feel a surge of power!
The magic dart hits Duvessa.
Duvessa is heavily wounded.
Duvessa hits you but does no damage.
Aiming: Magic Dart (safe; 1% risk of failure)
Press: ? - help, Q - select action, (/) - cycle Shift-Dir - straight line, f/p - Duvessa
Aim: Duvessa, wielding a +2 rapier of electrocution and wearing a +0 leather armour (heavily wounded, berserk, 100% to hit)
You feel a surge of power!
The magic dart hits Duvessa.
Duvessa is heavily wounded.
Duvessa barely misses you. x2
Aiming: Magic Dart (safe; 1% risk of failure)
Press: ? - help, Q - select action, (/) - cycle Shift-Dir - straight line, f/p - Duvessa
Aim: Duvessa, wielding a +2 rapier of electrocution and wearing a +0 leather armour (heavily wounded, berserk, 100% to hit)
You feel a surge of power!
The magic dart hits Duvessa.
Duvessa is severely wounded.
Duvessa hits you with a +2 rapier of electrocution!
You barely miss Duvessa.
You tail-slap Duvessa, but do no damage.
Duvessa is severely wounded.
Duvessa barely misses you.
Duvessa hits you with a +2 rapier of electrocution!
Magic courses through your body. Duvessa closely misses you.
Duvessa hits you with a +2 rapier of electrocution!!
You die...

## #...# # ###.# # #.#
## #.# .## #.# ..## ##.#
...## ##..#
....####...###########..
....+...........@e...)..
....####...###########..
..[## ##..# ..## ##.##
### .## #..# #.. ## ##.#
#.# # #.# #.# # #.# #.#
## #.# #.#


You could see Duvessa (berserk).

Vanquished Creatures
  A black bear (D:4)
  A wolf (D:4)
  A phantom (D:4)
  A gnoll bouda (D:4)
  An iguana (D:3)
  An adder (D:2)
  2 gnolls (D:4)
  A worm (D:3)
  2 dart slugs (D:4)
  6 orcs
  7 ball pythons
  3 bats
  3 endoplasms
  7 giant cockroaches
  4 goblins
  7 hobgoblins
  3 jackals (D:3)
  3 quokkas
  A frilled lizard (D:3)
  4 kobolds
  3 rats
62 creatures vanquished.

Notes
Turn   | Place    | Note
-------+----------+-------------------------------------------
     0 | D:1      | ThatPearl the Draconian Conjurer began the quest for the
                  | Orb.
     0 | D:1      | Reached XP level 1. HP: 14/14 MP: 3/3
   418 | D:1      | Found a faded altar of an unknown god.
   479 | D:1      | Reached XP level 2. HP: 22/22 MP: 0/5
   538 | D:1      | Reached skill level 1 in Fighting
  1096 | D:2      | Found a glowing silver altar of Zin.
  1099 | D:2      | Reached XP level 3. HP: 28/28 MP: 3/6
  1445 | D:2      | Found Uvvyw's Antique Weapon Emporium.
  2056 | D:2      | Learned a level 2 spell: Searing Ray
  2559 | D:3      | Reached XP level 4. HP: 29/37 MP: 2/8
  2931 | D:4      | Found a bloodstained altar of Trog.
  3116 | D:4      | Reached XP level 5. HP: 34/44 MP: 2/9
  3210 | D:4      | Learned a level 4 spell: Fulminant Prism
  3394 | D:4      | Learned a level 1 spell: Slow
  3433 | D:4      | Found a stormy altar of Qazlal.
  3552 | D:4      | Noticed a phantom
  3607 | D:4      | Killed a phantom
  3608 | D:4      | Reached skill level 5 in Conjurations
  3608 | D:4      | Reached skill level 1 in Hexes
  3772 | D:4      | Noticed a black bear
  3777 | D:4      | Killed a black bear
  3778 | D:4      | Reached XP level 6. HP: 51/51 MP: 5/11
  3876 | D:4      | Noticed Dowan
  3878 | D:4      | Noticed Dowan
  3878 | D:4      | Dowan changed into Dowan the wolf
  3878 | D:4      | Noticed Duvessa
  3881 | D:4      | Killed Dowan the wolf
  3890 | D:4      | Slain by Duvessa

Illustrated notes

Levels and vault maps discovered:
D:1:      nicolae_arrival_somewhat_less_tricky_arrival, layout_rooms,
          shapermc_ecumenical_altar_flowoftime, dk_noncrumbling_3,
          minmay_misc_feat_x, minmay_worlds_worst_comb
D:2:      layout_basic, serial_shops, nicolae_shop_behind_doors, basic_altar,
          supply_closet_lemuel
D:3:      layout_basic
D:4:      layout_loops_corners, bloody_trog, slow_altar_2, grunt_qazlal_clouds,
          minmay_misc_feat_rugged, uniq_duvessa

Skill      XL: |  1  2  3  4  5 |
---------------+----------------+-----
Fighting       | 1 2 3 |  3.8
Spellcasting   | 3 |  3.9
Conjurations   | 5 |  5.4
Hexes          | 1 |  1.7
Dodging        | |  1.7
Stealth        | |  1.7

Action                   |  1- 3 |  4- 6 || total
-------------------------+-------+-------++-------
Melee: Staff             |     7 |    11 ||    18
       Unarmed           |     2 |       ||     2
       Tailslap          |     1 |     1 ||     2
 Cast: Magic Dart        |    77 |    29 ||   106
       Searing Ray       |     3 |    10 ||    13
Evoke: Wand              |       |     2 ||     2
  Use: Potion            |       |     1 ||     1
 Stab: Sleeping          |       |     1 ||     1
Armor: Skin              |     4 |     8 ||    12
Dodge: Dodged            |    19 |    20 ||    39
